[Event "*** Titled Tuesday Blitz"]
[Site "Chess.com"]
[Date "2018.04.03"]
[Round "9"]
[White "aa175"]
[Black "Manukyan_Artak"]
[Result "0-1"]
[WhiteElo "1935"]
[BlackElo "2372"]
[TimeControl "180+2"]
[EndTime "15:02:35 PDT"]
[Termination "Manukyan_Artak won by checkmate"]

1. e4 c6 2. Nf3 d5 3. exd5 cxd5 4.
Be2 Nc6 5. d4 Nf6 6. c3 Bg4 7.
Bf4 e6 8. Qb3 Qc8 9. Nbd2 Be7 10.
O-O O-O 11. Rfe1 a6 12. Ne5 Bxe2 13. Rxe2 Nd7 14. Ndf3 b5 15. Nxc6 Qxc6 16. Ne5 Nxe5 17. Bxe5 Qc4 18. Qd1 b4 19. Re3 g6 20. Qg4 bxc3 21. Rxc3 Qa4 22. h4 h5 23. Qh3 Rfc8 24. Rac1 Qd7 25. Qe3 Kh7 26. Rc7 Qe8 27. Qc3 Rxc7 28.
Qxc7 Kg8 29. Bd6 Bxh4 30. g3 Bf6 31. Rd1 Qc8 32. Be5 Qxc7 33. Bxc7 Rc8 34. Ba5 Rc2 35. Bc3 h4 36. gxh4 Bxh4 37. Rd3 Bxf2+ 38. Kf1 Bh4 39. Rh3 g5 40. Rf3 f5 41. Re3 Kf7 42. Re2 Rxe2 43.
Kxe2 g4 44. a4 f4 45. Be1 f3+ 46. Kf1 g3 47. Bd2 g2+ 48. Kg1 Bg3 49. Be3 Ke7 50. b4 Kd7 51. b5 axb5 52. axb5 Kc7 53. Bd2 Kb6 54. Bb4 Kxb5 55. Ba5 Kc4 56. Bd2 Kd3 57. Bf4 Be1 58. Bg3 Bc3 59. Be5 Bxd4+ 60. Bxd4 Kxd4 61. Kf2 e5 62. Ke1 e4 63. Kf2 Ke5 64.
Ke3 g1=Q+ 65. Kd2 Qg2+ 66. Kc3 d4+ 67. Kc4 Qc2+ 68. Kb5 d3 69. Kb4 d2 70. Kb5 e3 71.
Ka6 e2 72. Kb6 f2 73. Ka7 f1=Q 74. Kb6 e1=Q 75. Ka7 d1=Q 76. Kb6 Qff2+ 77. Kb5 Qd5+ 78. Ka6 Qea5# 0-1

[Event "*** Titled Tuesday Blitz"]
[Site "Chess.com"]
[Date "2018.04.03"]
[Round "9"]
[White "SmoothAsAHedgehog"]
[Black "JSPrepz"]
[Result "0-1"]
[WhiteElo "2577"]
[BlackElo "2598"]
[TimeControl "180+2"]
[EndTime "15:02:46 PDT"]
[Termination "JSPrepz won by resignation"]

1. b3 e5 2. Bb2 Nc6 3. e3 d5 4.
Bb5 Bd6 5. Nf3 f6 6. d4 e4 7. Ng1 f5 8. Nh3 Nf6 9. Ba3 O-O 10. Bxd6 Qxd6 11. O-O a6 12. Be2 Bd7 13. c4 Nd8 14. cxd5 Nxd5 15. Qc2 Ne6 16. Nc3 c6 17. Rac1 Kh8 18. Qd2 Nf6 19. d5 cxd5 20. Rfd1 Bc6 21. Bf1 Rad8 22. Ne2 g5 23. Nd4 Nxd4 24. Qxd4 h6 25.
Kh1 Kh7 26. f4 Rg8 27. g3 Rd7 28. Be2 Rdg7 29. Rf1 Qe6 30. b4 g4 31. Nf2 h5 32.
Bd1 h4 33. Bb3 Kg6 34. Kg2 Rh7 35. a4 Rgh8 36. Rh1 h3+ 37. Kf1 Qd7 38. Ra1 Rc8 39. Ke2 Rc7 40. Rhc1 Rh8 41. Kd2 Rhc8 42. Nd1 Qd6 43.
Nc3 Qd7 44. Ne2 Ne8 45. Rc2 Nd6 46. Rac1 Rd8 47. Bxd5 Qe7 48. Rc5 Rcd7 49. Bxc6 Nc4+ 50. R1xc4 Rxd4+ 51. Nxd4 bxc6 52. Rxc6+ Kh5 53. Kc3 Qf7 54. R4c5 Rd5 55. Rxd5 Qxd5 56. Rc5 Qa2 57. Rxf5+ Kg6 58. Rg5+ Kf6 59. Rf5+ Ke7 60. Re5+ Kd7 61. Rg5 Qxh2 62. Rxg4 Qg1 63. Rh4 h2 64. Rh7+ Ke8 65. Rh8+ Kf7 66.
Kc4 h1=Q 67. Rxh1 Qxh1 68. Kd5 Qb1 69. b5 axb5 70. axb5 Ke7 71. Ke5 Qd3 72. g4 Kd7 73. g5 Qxe3 74. g6 Qg3 75. Kxe4 Qxg6+ 76. Ke5 Qd3 77.
f5 Qe3+ 78. Kd5 Qf4 79. Kc4 Kd6 80. b6 Qc1+ 81. Kd3 Kd5 82. b7 Qc4+ 83. Ke3 Qxd4+ 0-1

[Event "*** Titled Tuesday Blitz"]
[Site "Chess.com"]
[Date "2018.04.03"]
[Round "9"]
[White "RichardABates"]
[Black "Supernotar"]
[Result "1-0"]
[WhiteElo "2268"]
[BlackElo "2222"]
[TimeControl "180+2"]
[EndTime "15:02:57 PDT"]
[Termination "RichardABates won by checkmate"]

1. d4 d5 2. c4 dxc4 3. e3 Nf6 4. Bxc4 e6 5. Nf3 a6 6. O-O b5 7. Bb3 Bb7 8. a4 b4 9. Nbd2 Nbd7 10. a5 c5 11. Nc4 Qc7 12. Ba4 Be7 13. dxc5 Bxc5 14. Nfe5 Rd8 15. Bd2 O-O 16. Nxd7 Nxd7 17. Rc1 Ne5 18. Qe2 Nd3 19. Rc2 Qe7 20. Kh1 Qh4 21. f3 Rd5 22. Nb6 Rh5 23. h3 Rd8 24. Rc4 Qg3 25. Rg4 Qe5 26. Nc4 Qf6 27. e4 Ne5 28. Nxe5 Qxe5 29. Be3 Bd6 30. Bf4 Qf6 31. Rd1 Bxf4 32.
Rxf4 Qe7 33. e5 Rxd1+ 34. Qxd1 Rxe5 35. Rd4 Bd5 36. Bb3 Qc5 37. f4 Rf5 38. Bxd5 Rxd5 39. Rxd5 Qxd5 40. Qa4 Qd6 41. Qe8+ Qf8 42. Qc6 h5 43.
Qxa6 Qb8 44. Qc4 h4 45. a6 Qb6 46. Kh2 Qf2 47. Qd3 g6 48. Qe4 Kh7 49. Qxb4 Qg3+ 50. Kh1 Qf2 51. Qe4 Qf1+ 52. Kh2 Qxa6 53. b4 Qb5 54.
Qd4 Qf1 55. Qe5 Qf2 56. b5 Kg8 57. Kh1 Qb6 58. Kh2 Qa5 59. Qc5 Qe1 60. b6 Qg3+ 61.
Kh1 Qxf4 62. b7 Qf1+ 63. Qg1 Qb5 64. Qa7 Qf1+ 65. Kh2 Qf4+ 66. Kg1 Qc1+ 67. Kf2 Qf4+ 68. Ke2 Qe4+ 69. Kd2 Qxg2+ 70. Kc3 Qxh3+ 71. Kc4 Qg4+ 72. Kb5 Qf5+ 73. Kc6 Qc2+ 74. Kd7 Qd3+ 75. Ke7 h3 76. b8=Q+ Kh7 77. Qf8 Qf5 78. Qxf7+ Qxf7+ 79. Kxf7 h2 80. Qa1 Kh6 81. Qh1 Kg5 82. Qxh2 Kg4 83. Qg2+ Kf4 84.
Qxg6 e5 85. Qf6+ Ke4 86. Ke6 Kd3 87. Qxe5 Kc4 88. Qe3 Kb5 89. Qc1 Kb4 90. Kd6 Kb3 91.
Kd5 Ka2 92. Kc5 Kb3 93. Kd4 Ka2 94. Qc4+ Kb2 95. Kd3 Ka1 96. Qb5 Ka2 97. Kc2 Ka3 98. Qa5# 1-0

[Event "*** Titled Tuesday Blitz"]
[Site "Chess.com"]
[Date "2018.04.03"]
[Round "9"]
[White "Kangoroo3000"]
[Black "florianschwabeneder"]
[Result "0-1"]
[WhiteElo "2394"]
[BlackElo "2386"]
[TimeControl "180+2"]
[EndTime "15:03:09 PDT"]
[Termination "florianschwabeneder won by resignation"]

1. d4 Nf6 2. c4 e6 3. Nf3 Bb4+ 4. Nbd2 O-O 5. a3 Be7 6. e4 d6 7. Qc2 Nbd7 8. Be2 c5 9. d5 e5 10. O-O Ne8 11. Bd3 g6 12. Nb1 Ng7 13. Nfd2 f5 14.
exf5 gxf5 15. f3 Bg5 16. Nc3 Be3+ 17. Kh1 Qh4 18. Nb3 Bxc1 19. Raxc1 a6 20. Qf2 Qxf2 21.
Rxf2 b6 22. Nd2 Nf6 23. b4 Bd7 24. Rb1 Rfb8 25. Rff1 Kf8 26. Nb3 Ke7 27. bxc5 bxc5 28. Na5 Kd8 29. h3 h5 30. h4 f4 31. Ne4 Nxe4 32. Bxe4 Kc7 33. g3 fxg3 34. Kg2 Nf5 35.
Bxf5 Bxf5 36. Rxb8 Rxb8 37. Kxg3 Rb2 38. Rf2 Rxf2 39.
Kxf2 Kb6 40. Nb3 Bd3 41. Nd2 Ka5 42. Ke3 Bc2 43. Ne4 Bxe4 44. Kxe4 Ka4 45. Kf5 Kxa3 46. Ke6 Kb4 47. Kxd6 a5 48. Kc6 a4 49. d6 a3 50. d7 a2 51. d8=Q a1=Q 52. Qb6+ Kxc4 53. Qxc5+ Kd3 54. Kd6 Qd4+ 55. Qd5 Ke3 56. Ke6 Qxh4 57.
Qxe5+ Kxf3 58. Qc3+ Kg2 59. Qd2+ Kh3 60. Qd3+ Qg3 61. Qf1+ Qg2 62. Qd3+ Kh2 63. Qd6+ Kh3 64. Qd3+ Kh4 65. Kf6 Qg5+ 66. Ke6 Qf4 67. Qc3 Qg3 68.
Qd2 Kh3 69. Kf5 Qg4+ 70. Ke5 h4 71. Qc2 Qg2 72. Qc8+ Kh2 73. Kf4 Qg3+ 74. Ke4 h3 75. Kd4 Qf2+ 76. Ke4 Kg2 77. Qg4+ Qg3 78. Qe2+ Qf2 79.
Qg4+ Kh2 80. Qc8 Qg2+ 81. Ke3 Kh1 82. Qd7 h2 83. Kf4 Qf2+ 84. Kg4 Kg1 85. Qd1+ Kg2 86. Qd5+ Kf1 87. Qd1+ Kg2 88. Qd5+ Kg1 89. Qd1+ Qf1 90. Qd4+ Kh1 91. Qe4+ Qg2+ 0-1

[Event "*** Titled Tuesday Blitz"]
[Site "Chess.com"]
[Date "2018.04.03"]
[Round "9"]
[White "OparinGrigoriy"]
[Black "Sebastian"]
[Result "0-1"]
[WhiteElo "2821"]
[BlackElo "2807"]
[TimeControl "180+2"]
[EndTime "15:03:33 PDT"]
[Termination "Sebastian won by resignation"]

1. e4 e5 2. Nf3 Nc6 3. Bb5 Nf6 4. d3 d6 5. O-O Be7 6. c3 O-O 7. Re1 a6 8. Ba4 Re8 9. Nbd2 Bf8 10. Nf1 h6 11. Ng3 b5 12. Bc2 d5 13. Qe2 Be6 14.
h3 d4 15. Bd2 Qd6 16. Rad1 Rad8 17. a4 Qc5 18. Rc1 Qb6 19. axb5 axb5 20. Bb1 Nd7 21. cxd4 exd4 22. Nh2 Nc5 23. Bc2 Na4 24. Ng4 Nb4 25. Bxa4 bxa4 26. Nh5 Bxg4 27. hxg4 c5 28. Rc4 Nc6 29.
Rxa4 Qxb2 30. Ra6 Qb5 31. Rea1 Ne5 32. g5 hxg5 33. Bxg5 Rd6 34. R6a3 c4 35. dxc4 Qxc4 36. Qxc4 Nxc4 37. Rg3 Rg6 38. Nf4 Rc6 39. Nd5 Rg6 40.
Rd1 Rxe4 41. Bd8 Rxg3 42. fxg3 Bc5 43. Kh2 Re5 44. Nf4 Ne3 45. Rc1 f6 46. Bc7 Rf5 47.
Kh3 g5 48. g4 Rxf4 49. Bxf4 gxf4 50. Rxc5 Kf7 51. Rc8 Ke6 52. Rd8 Ke5 53. Kh2 Ke4 54. Kg1 Nxg4 55. Kf1 Ne3+ 56. Kf2 Ng4+ 57. Ke2 Ne5 58.
Kf2 d3 59. Rd6 f5 60. Rd8 Ng4+ 61. Ke1 Ne3 62. Kf2 Ng4+ 63. Ke1 Ne5 64. Kf2 Nc4 65. Rd7 Nd2 66. Rd8 Nc4 67. Rd7 Nd2 68. Rd8 Nb3 69. Rd7 Nd4 70. Ke1 Nc6 71. Kd2 Ne5 72. Rd8 f3 73.
gxf3+ Nxf3+ 74. Kd1 Ne5 75. Kd2 Nf3+ 76. Kd1 f4 77. Re8+ Kd4 78. Rd8+ Ke3 79. Re8+ Kd4 80.
Rd8+ Ke4 81. Re8+ Ne5 82. Kd2 f3 83. Rf8 Nc4+ 84. Kd1 Ke3 85. Re8+ Kd4 86. Rf8 Ne5 87. Kd2 Nc4+ 88. Kd1 Ke4 89. Re8+ Ne5 90. Rf8 Ng6 91. Re8+ Kd4 92. Rd8+ Ke3 93. Re8+ Kf4 94. Kd2 f2 95. Re6 Nh4 96. Rf6+ Nf5 0-1

[Event "*** Titled Tuesday Blitz"]
[Site "Chess.com"]
[Date "2018.04.03"]
[Round "9"]
[White "KNVB"]
[Black "Orest_Vovk"]
[Result "1-0"]
[WhiteElo "2595"]
[BlackElo "2369"]
[TimeControl "180+2"]
[EndTime "15:05:12 PDT"]
[Termination "KNVB won by resignation"]

1. d4 Nc6 2. e4 e5 3. dxe5 Nxe5 4. Nc3 Bc5 5. f4 Nc6 6. Bd3 Bxg1 7. Rxg1 Qh4+ 8. Kf1 Qxh2 9. Be3 d6 10. Nd5 Kd8 11.
Qf3 Nh6 12. g4 Ne7 13. Nxe7 Kxe7 14. g5 Qh3+ 15. Qxh3 Bxh3+ 16. Ke2 Ng8 17. f5 h6 18. g6 Nf6 19. Bd4 h5 20. gxf7 Bg4+ 21. Ke3 Kxf7 22.
Bc4+ Ke7 23. Kf4 c6 24. Rae1 Kd7 25. Be6+ Kc7 26. e5 Nd5+ 27. Bxd5 cxd5 28. e6 Rhf8 29.
Rxg4 hxg4 30. Bxg7 Rg8 31. f6 g3 32. e7 Kd7 33. Kf5 g2 34. Kg6 Rae8 35. Rg1 Rxe7 36. fxe7 Kxe7 37. Rxg2 Kd7 38. Kf7 Re8 39. Bd4 b6 40. c3 Re1 41. Rf2 Kc6 42. a3 a5 43.
Kf6 b5 44. Kf5 Rd1 45. Bf6 Kc5 46. Kf4 Kc4 47. Be7 Kb3 48. Bxd6 Rb1 49. Bc7 a4 50. Ke5 Rxb2 51. Rxb2+ Kxb2 52. Bd6 Kxc3 53. Kxd5 Kd3 54. Bc5 Ke2 55. Ke4 Kd2 56. Bb4+ Ke2 57. Bc3 Kf2 58. Ba5 Kg3 59. Bb6 Kg4 60. Be3 Kh5 61. Kf5 Kh4 62. Bg5+ Kh5 63. Bf6 Kh6 64. Be5 Kh7 65. Kf6 Kg8 66. Ke7 Kh7 67. Kf7 Kh6 68. Kf6 Kh5 69. Kf5 Kh6 70. Bf6 Kh7 71. Bd4 Kg8 72.
Ke6 Kf8 73. Bf6 Kg8 74. Ke7 Kh7 75. Ke6 Kg6 76. Be7 Kg7 77. Bh4 Kf8 78. Bg5 Kg7 79. Be7 Kg6 80. Bf6 Kh5 81. Kf5 Kh6 82. Bd4 Kh7 83. Ke6 Kg6 84. Be5 Kg5 85. Bh2 Kg6 86. Bg3 Kg7 87. Bd6 Kg6 88. Bf8 Kg5 89. Bg7 Kg6 90.
Bf6 Kh5 91. Kf5 Kh6 92. Be5 Kh7 93. Kf6 Kh6 94. Bf4+ Kh5 95. Kf5 Kh4 96. Bh6 Kg3 97.
Bg5 Kf3 98. Bf4 Ke2 99. Ke4 Kf2 100. Bd6 Kg2 101. Be7 Kg3 102. Bg5 Kg4 103. Bf4 Kh5 104. Kf5 Kh4 105. Bc7 Kh5 106. Bf4 Kh4 107. Bh6 Kg3 108. Bg5 Kf3 109. Bf4 Kg2 110. Ke4 Kh3 111. Kd5 Kg4 112. Bh2 Kf5 113. Be5 Kg6 114. Kc6 Kf5 115. Bh2 Ke6 116. Bd6 Kf7 117. Kxb5 Ke8 118. Kxa4 Kd7 119. Kb5 Kxd6 120. Kb6 Kd7 121. Kb7 Kd6 122. a4 Kc5 123. a5 1-0

[Event "*** Titled Tuesday Blitz"]
[Site "Chess.com"]
[Date "2018.04.03"]
[Round "9"]
[White "FMJoseHerrera"]
[Black "Divertissement"]
[Result "1-0"]
[WhiteElo "2499"]
[BlackElo "2449"]
[TimeControl "180+2"]
[EndTime "15:06:44 PDT"]
[Termination "FMJoseHerrera won by checkmate"]

1. Nf3 c5 2. g3 b6 3. Bg2 Bb7 4. O-O g6 5. d4 cxd4 6. Qxd4 Nf6 7. Nc3 Bg7 8. e4 O-O 9. e5 Ne8 10. Bg5 Nc6 11. Qe3 f6 12. exf6 Nxf6 13. Rad1 Rc8 14. Rfe1 e6 15. Ne4 Ne7 16. Nxf6+ Bxf6 17. Bxf6 Rxf6 18. Ne5 Nd5 19. Qa3 Rxc2 20. Qxa7 Rfxf2 21. Be4 Nf4 22. gxf4 Bxe4 23. Rxe4 Rg2+ 24. Kf1 Rxh2 25.
Nf3 Rhf2+ 26. Kg1 Rxf3 27. Rxd7 Rg3+ 28. Kf1 Rf3+ 29. Ke1 Qf8 30. Rxh7 Rxb2 31. Qd7 Rb1+ 32. Ke2 Rg3 33. Qxe6+ Kxh7 34. Qd7+ Kg8 35. Re8 Rg2+ 36. Kf3 Rbb2 37. Qe6+ Kg7 38. Rxf8 Kxf8 39. Qd6+ Kf7 40. Qc7+ Kf8 41. a4 Rgc2 42. Qd6+ Kf7 43. Qd7+ Kf6 44. Qd8+ Kf7 45. Qd5+ Kf6 46. Qe5+ Kf7 47. Qd5+ Kf6 48. Kg3 Rc3+ 49. Kg4 Rbb3 50. Qd6+ Kf7 51. Qd7+ Kf6 52.
Qd4+ Kf7 53. Qd5+ Kf6 54. Qg5+ Kf7 55. Qd5+ Kf6 56. Qd4+ Kf7 57. Qf2 Rd3 58. Qe1 Rb2 59.
Qe4 Rbb3 60. Qc4+ Kf6 61. Qc6+ Kf7 62. Qb7+ Kf6 63. Qg2 Rbc3 64. Qf2 Rb3 65. Qe1 Kf7 66. Qf2 Rdc3 67. Qg2 Rd3 68. Qf2 Kf6 69. Qh4+ Kf7 70.
Qh7+ Kf6 71. Qh8+ Kf7 72. Qh4 Re3 73. Qh7+ Kf6 74. Qh8+ Kf7 75. Qh2 Kf6 76. Qf2 Kf7 77. f5 Re4+ 78. Kg5 Re5 79. Kg4 Rb4+ 80. Kg3 Rb3+ 81.
Kg2 Rxf5 82. Qd4 Rg5+ 83. Kf2 Rf5+ 84. Ke2 Rff3 85. Qd5+ Kf6 86. Qd6+ Kf5 87. Kd2 g5 88. Qd5+ Kf4 89. Qd6+ Kg4 90. Qe6+ Kg3 91. Qe5+ Kh4 92.
Qh2+ Kg4 93. Qe5 Rf2+ 94. Kc1 Rg3 95. Qe6+ Kf3 96. Qd5+ Kf4 97. Qd4+ Kf3 98. Qd5+ Ke3 99. Qe5+ Kf3 100. Qd5+ Ke2 101. Qe4+ Kf1 102. Kd1 Kg1 103. Ke1 g4 104. Qd4 Rg2 105. Qxb6 g3 106. a5 Rh2 107. a6 Kg2 108. Qc6+ Kh3 109. Qh6+ Kg2 110. Qc6+ Kh3 111. a7 Re2+ 112. Kd1 Rd2+ 113. Kc1 Rdf2 114. Qh6+ Kg4 115. Qg6+ Kf4 116. Qf6+ Kg4 117. Qg6+ Kf4 118. Qf6+ Kg4 119. Qd4+ Kh3 120. Qh8+ Kg4 121. Qg8+ Kf4 122. Qf7+ Kg4 123. Qe6+ Kf4 124. Qd6+ Kg4 125. Qd1+ Kh3 126. a8=Q Rc2+ 127. Qxc2 Rxc2+ 128.
Kxc2 g2 129. Qf3+ Kh2 130. Qh5+ Kg3 131. Qg5+ Kf2 132.
Qf4+ Ke1 133. Qg3+ Kf1 134. Qf3+ Ke1 135. Qe3+ Kf1 136. Qf4+ Ke2 137. Qh2 Kf1 138. Kd2 g1=Q 139. Qe2# 1-0

[Event "*** Titled Tuesday Blitz"]
[Site "Chess.com"]
[Date "2018.04.03"]
[Round "10"]
[White "GMSrinath"]
[Black "Supernotar"]
[Result "1-0"]
[WhiteElo "2685"]
[BlackElo "2217"]
[TimeControl "180+2"]
[EndTime "15:10:42 PDT"]
[Termination "GMSrinath won by resignation"]

1. e4 c6 2. Nf3 d5 3. exd5 cxd5 4. Ne5 Nc6 5. Bb5 Bd7 6. Nxd7 Qxd7 7. d4 Nf6 8. c3 e6 9. O-O a6 10. Bd3 Bd6 11. f4 O-O 12. Nd2 b5 13. Nf3 b4 14. Qe2 bxc3 15. bxc3 Rfc8 16. Bd2 Qc7 17. Ne5 Ne7 18. Bxa6 Ba3 19. Bxc8 Rxc8 20. Rab1 Nf5 21. Qa6 Bd6 22. Rb7 Qd8 23. Nxf7 Qf8 24. Ng5 Ra8 25.
Qe2 Rxa2 26. Qxe6+ Kh8 27. Nf7+ Kg8 28. Nxd6+ Kh8 29.
Nxf5 Rxd2 30. Qe7 1-0

[Event "*** Titled Tuesday Blitz"]
[Site "Chess.com"]
[Date "2018.04.03"]
[Round "10"]
[White "1977Ivan"]
[Black "ahmadzada13"]
[Result "1-0"]
[WhiteElo "2499"]
[BlackElo "2581"]
[TimeControl "180+2"]
[EndTime "15:10:50 PDT"]
[Termination "1977Ivan won by resignation"]

1. d4 Nf6 2. Nf3 c5 3. d5 e6 4.
c4 exd5 5. cxd5 Bd6 6. Nc3 O-O 7. Bg5 h6 8. Bh4 a6 9. a4 Re8 10. e3 b6 11. Bc4 Bf8 12. d6 Bb7 13. O-O Nc6 14.
Nd5 Re6 15. Nxf6+ Rxf6 16. Bxf6 Qxf6 17. Ra3 Qxb2 18. Rb3 Qf6 19. Rxb6 Na5 20. Bd5 1-0

[Event "*** Titled Tuesday Blitz"]
[Site "Chess.com"]
[Date "2018.04.03"]
[Round "10"]
[White "TregubovP"]
[Black "nubair1198"]
[Result "1/2-1/2"]
[WhiteElo "2549"]
[BlackElo "2570"]
[TimeControl "180+2"]
[EndTime "15:11:45 PDT"]
[Termination "Game drawn by agreement"]

1. d4 c6 2. c4 d5 3. Nf3 Nf6 4. e3 Bg4 5. h3 Bh5 6. cxd5 cxd5 7. Nc3 e6 8. g4 Bg6 9. Ne5 Nc6 10. h4 Bb4 11. h5 Be4 12. f3 Qc7 13. fxe4 Nxe4 14. Bd2 Bxc3 15. Bxc3 f6 16. Nxc6 Qg3+ 17. Ke2 Qxg4+ 18.
Ke1 Qg3+ 19. Ke2 Qg4+ 20. Ke1 Qg3+ 21. Ke2 1/2-1/2

[Event "*** Titled Tuesday Blitz"]
[Site "Chess.com"]
[Date "2018.04.03"]
[Round "10"]
[White "denizozen"]
[Black "JSPrepz"]
[Result "1-0"]
[WhiteElo "2650"]
[BlackElo "2591"]
[TimeControl "180+2"]
[EndTime "15:11:57 PDT"]
[Termination "denizozen won by resignation"]

1. e4 e5 2. Nf3 Nc6 3. Bb5 f5 4. d3 fxe4 5. dxe4 Nf6 6. O-O Be7 7. Bc4 Nxe4 8. Re1 Nd6 9. Bb3 e4 10. Nfd2 Nd4 11. Nxe4 Nxb3 12. Nxd6+ cxd6 13. Bg5 Nxa1 14. Rxe7+ Qxe7 15. Bxe7 Kxe7 16. Nc3 b6 17. Nd5+ Kf7 18. Qf3+ Kg6 1-0

[Event "*** Titled Tuesday Blitz"]
[Site "Chess.com"]
[Date "2018.04.03"]
[Round "10"]
[White "pulvettd"]
[Black "VerdeNotte"]
[Result "1-0"]
[WhiteElo "2448"]
[BlackElo "2625"]
[TimeControl "180+2"]
[EndTime "15:11:57 PDT"]
[Termination "pulvettd won by resignation"]

1. e4 Nf6 2. Nc3 c5 3. Nf3 Nc6 4. d4 cxd4 5. Nxd4 e5 6. Ndb5 d6 7. Bg5 a6 8. Bxf6 gxf6 9. Na3 b5 10. Nd5 f5 11. Bd3 Be6 12. c4 Qa5+ 13. Kf1 b4 14.
Nc2 f4 15. b3 Bg7 16. a3 bxa3 17. Rxa3 Qd8 18. b4 O-O 19. Qh5 a5 20. b5 Nb4 21. g3 f3 22. Nce3 Nxd3 23. Rxd3 a4 24.
Qxf3 Bh3+ 25. Ke2 Be6 26. Ra1 Qa5 27. Nf5 Bxf5 28. Qxf5 Kh8 29. g4 a3 30. Rh3 h6 31.
Nf6 1-0

[Event "*** Titled Tuesday Blitz"]
[Site "Chess.com"]
[Date "2018.04.03"]
[Round "10"]
[White "Marcus_Harvey"]
[Black "SanQui14"]
[Result "1-0"]
[WhiteElo "2604"]
[BlackElo "2241"]
[TimeControl "180+2"]
[EndTime "15:12:07 PDT"]
[Termination "Marcus_Harvey won by checkmate"]

1. d4 Nf6 2. c4 g6 3. Nf3 Bg7 4. Nc3 d5 5. cxd5 Nxd5 6. Bd2 O-O 7. e4 Nxc3 8. Bxc3 c5 9. d5 e5 10. h4 Bg4 11. Be2 Re8 12. Nd2 Bxe2 13. Qxe2 Nd7 14. h5 Qg5 15. hxg6 h6 16. gxf7+ Kxf7 17. Qh5+ Qxh5 18. Rxh5 Kg6 19. Rh3 b5 20. Nf3 b4 21.
Nh4+ Kh7 22. Bd2 Nf6 23. f3 Ng8 24. Nf5 Bf8 25. g4 Kg6 26. Ke2 c4 27. g5 c3 28.
bxc3 bxc3 29. Bxc3 hxg5 30. Bd2 Bc5 31. Rc1 Rac8 32.
Rg3 Ba3 33. Rxg5+ Kf7 34. Rg7+ Kf6 35. Bg5# 1-0

[Event "*** Titled Tuesday Blitz"]
[Site "Chess.com"]
[Date "2018.04.03"]
[Round "10"]
[White "GasconJR"]
[Black "TST2014"]
[Result "0-1"]
[WhiteElo "2329"]
[BlackElo "2368"]
[TimeControl "180+2"]
[EndTime "15:12:09 PDT"]
[Termination "TST2014 won by checkmate"]

1. e4 e5 2. Nf3 Nc6 3. Bc4 Bc5 4. d3 Nf6 5. O-O d6 6. c3 a6 7. a4 Ba7 8. Re1 Ne7 9. d4 Ng6 10. dxe5 Ng4 11. Be3 Bxe3 12. fxe3 N4xe5 13. Be2 O-O 14. Nd4 Qg5 15. Bf3 Nh4 16. Qe2 c5 17. Nd2 cxd4 18. exd4 Nexf3+ 19. Nxf3 Nxf3+ 20. Qxf3 Bg4 21. Qg3 Qg6 22.
Ra3 Rfe8 23. h3 Bf5 24. Qf4 Rxe4 25. Rxe4 Bxe4 26. Rb3 Qxg2# 0-1

[Event "*** Titled Tuesday Blitz"]
[Site "Chess.com"]
[Date "2018.04.03"]
[Round "10"]
[White "Cecile-Haussernot"]
[Black "AndrewMcStone"]
[Result "1-0"]
[WhiteElo "2282"]
[BlackElo "2072"]
[TimeControl "180+2"]
[EndTime "15:12:12 PDT"]
[Termination "Cecile-Haussernot won by checkmate"]

1. e4 Nc6 2. d4 d5 3. exd5 Qxd5 4. Be3 e5 5. c4 Bb4+ 6. Nc3 Qe4 7. d5 Nd4 8. Bd3 Qxg2 9. Qa4+ Bd7 10. Qxb4 Qxh1 11. O-O-O Ne7 12. Bxd4 exd4 13. Re1 O-O 14. Qxe7 Rae8 15.
Bxh7+ Kxh7 16. Qh4+ Kg8 17. Ne4 Bf5 18. f3 Qg2 19. Ne2 Qxf3 20. Nxd4 Qd3 21. Nxf5 Qxc4+ 22. Kb1 Qxd5 23. Nf6+ gxf6 24. Rg1+ Qg2 25. Rxg2# 1-0

[Event "*** Titled Tuesday Blitz"]
[Site "Chess.com"]
[Date "2018.04.03"]
[Round "10"]
[White "BogdanDeac"]
[Black "KNVB"]
[Result "1-0"]
[WhiteElo "2698"]
[BlackElo "2589"]
[TimeControl "180+2"]
[EndTime "15:12:15 PDT"]
[Termination "BogdanDeac won on time"]

1. d4 Nf6 2. c4 e6 3. g3 c5 4. d5 exd5 5. cxd5 d6 6. Nc3 g6 7. Bg2 Bg7 8. Nf3 O-O 9. O-O Nbd7 10. h3 a6 11. a4 Qe7 12. Re1 Re8 13. e4 Rb8 14.
Bf4 Nh5 15. Bg5 Bf6 16. Bxf6 Nhxf6 17. a5 b5 18. axb6 Rxb6 19. Qc2 Ne5 20. Nd2 c4 21. Re3 Qc7 22. Bf1 Bd7 23. Kg2 Reb8 24. Ra2 Qc5 25.
Nd1 Bb5 26. f4 Ned7 27. Rc3 Qd4 28. Nf2 Nc5 29. Nf3 1-0

[Event "*** Titled Tuesday Blitz"]
[Site "Chess.com"]
[Date "2018.04.03"]
[Round "10"]
[White "Abrito99"]
[Black "Noukii"]
[Result "0-1"]
[WhiteElo "2452"]
[BlackElo "2604"]
[TimeControl "180+2"]
[EndTime "15:12:34 PDT"]
[Termination "Noukii won by resignation"]

1. e4 c6 2. Nc3 d5 3. Nf3 Bg4 4. h3 Bxf3 5. Qxf3 e6 6. d3 Nf6 7. Bd2 g6 8. Bg5 Be7 9. Bh6 Nbd7 10. g4 Qb6 11. O-O-O Bf8 12. Bxf8 Rxf8 13. g5 Nh5 14.
exd5 cxd5 15. d4 O-O-O 16. Be2 Kb8 17. Qe3 Ng7 18. Nb5 a6 19. Qf4+ e5 20. dxe5 Ne6 21. Qg3 axb5 22. Rxd5 Ndc5 23. Rhd1 Rxd5 24. Rxd5 Qa5 25.
a3 b4 26. axb4 Qa1+ 0-1

[Event "*** Titled Tuesday Blitz"]
[Site "Chess.com"]
[Date "2018.04.03"]
[Round "10"]
[White "volodja49"]
[Black "ristingho"]
[Result "0-1"]
[WhiteElo "2378"]
[BlackElo "2300"]
[TimeControl "180+2"]
[EndTime "15:12:37 PDT"]
[Termination "ristingho won by resignation"]

1. d4 Nf6 2. c4 c5 3. d5 b5 4. Qc2 bxc4 5. e4 e6 6. Nc3 Be7 7. Bxc4 exd5 8. Nxd5 Nxd5 9. Bxd5 Nc6 10. Bxc6 dxc6 11. Be3 Qa5+ 12. Qd2 Qb5 13. Ne2 Ba6 14. Nc3 Qb4 15. f3 Rb8 16. b3 O-O 17. Kf2 Rfd8 18.
Qe1 Bf6 19. Rc1 Rd3 20. Na4 Rxe3 21. Kxe3 Qd4+ 22. Kf4 Be5+ 23. Kg4 Bc8+ 24. Kh4 Qd8+ 0-1

[Event "*** Titled Tuesday Blitz"]
[Site "Chess.com"]
[Date "2018.04.03"]
[Round "10"]
[White "Ravan_02"]
[Black "335394862"]
[Result "1-0"]
[WhiteElo "2465"]
[BlackElo "2296"]
[TimeControl "180+2"]
[EndTime "15:12:52 PDT"]
[Termination "Ravan_02 won by resignation"]

1. d4 Nf6 2. Nf3 e6 3. Bg5 Be7 4. Nbd2 d5 5. e3 Nbd7 6. Bd3 h6 7. Bh4 Nh5 8. Bxe7 Qxe7 9. c3 Nhf6 10. Qe2 c5 11. e4 cxd4 12. Nxd4 dxe4 13. Nxe4 O-O 14. O-O-O Ne5 15. Bc2 b6 16. Nxf6+ Qxf6 17. Qe4 g6 18. Qxa8 Ba6 19. Qe4 Rc8 20. Kb1 Nc4 21. f4 Qe7 22. h4 Qc7 23. Nxe6 Qe7 24. Nd4 Qc5 25. h5 Nd6 26.
Qe5 Qc7 27. hxg6 f6 28. Bb3+ Bc4 29. Bxc4+ Nxc4 30. Qxc7 1-0

[Event "*** Titled Tuesday Blitz"]
[Site "Chess.com"]
[Date "2018.04.03"]
[Round "10"]
[White "lucasran"]
[Black "2Tilted"]
[Result "0-1"]
[WhiteElo "2376"]
[BlackElo "2272"]
[TimeControl "180+2"]
[EndTime "15:13:01 PDT"]
[Termination "2Tilted won by resignation"]

1. Nf3 Nf6 2. c4 c5 3. Nc3 Nc6 4. e3 d5 5. cxd5 Nxd5 6. Be2 e5 7. d3 Be7 8. O-O O-O 9. a3 Be6 10. Bd2 f6 11. Rc1 Rc8 12. Qc2 b6 13. Rfd1 Qd7 14. Nxd5 Bxd5 15. Bc3 Qe6 16. Nd2 Qf7 17. Bg4 Rcd8 18.
Bf3 g6 19. Qa4 Bxf3 20. Nxf3 Qd5 21. e4 Qd7 22. Nd2 f5 23. Nc4 Bf6 24. Rb1 Nd4 25. Bxd4 Qxa4 26. Bxe5 Bxe5 27. Nxe5 fxe4 0-1

[Event "*** Titled Tuesday Blitz"]
[Site "Chess.com"]
[Date "2018.04.03"]
[Round "10"]
[White "Zhuu96"]
[Black "ilmago"]
[Result "1-0"]
[WhiteElo "2713"]
[BlackElo "1940"]
[TimeControl "180+2"]
[EndTime "15:13:02 PDT"]
[Termination "Zhuu96 won by resignation"]

1. b3 e5 2. Bb2 d6 3. g3 g6 4.
Bg2 Bg7 5. Bf1 c6 6. Bg2 Be6 7. Bf1 Nd7 8. Bg2 Ne7 9. e3 O-O 10.
Ne2 f5 11. O-O Rc8 12. d4 Qc7 13. c4 d5 14. cxd5 Nxd5 15. dxe5 Nxe5 16. Nd4 Bf7 17. Na3 a6 18. Rc1 Rfd8 19. Qe2 Nb4 20. Bc3 Nd5 21. Ba1 Qa5 22. Nc4 Nxc4 23. bxc4 Nf6 24. Qb2 b5 25.
cxb5 cxb5 26. Nc6 Rxc6 27. Rxc6 Ne8 28. Qc1 Qxa2 29. Bxg7 Nxg7 30. Rc8 Re8 31. Qc7 b4 32. Bc6 Qe6 33. Bxe8 Nxe8 34. Rb8 b3 35. Rb1 Kg7 36.
Rxe8 Qxe8 37. Rxb3 Kh6 38. Rb4 g5 39. Rb6+ Bg6 40.
Rxa6 Qe4 41. Ra1 Be8 42. Rc1 Bg6 43. h4 gxh4 44. Qf4+ Kh5 45. g4+ 1-0

[Event "*** Titled Tuesday Blitz"]
[Site "Chess.com"]
[Date "2018.04.03"]
[Round "10"]
[White "gemarin"]
[Black "amatatanav"]
[Result "0-1"]
[WhiteElo "1889"]
[BlackElo "2378"]
[TimeControl "180+2"]
[EndTime "15:13:07 PDT"]
[Termination "amatatanav won by resignation"]

1. d4 Nf6 2. c4 e6 3. Nf3 d5 4.
Nc3 Be7 5. g3 O-O 6. Bg2 Nbd7 7.
Qb3 c5 8. cxd5 cxd4 9. Nxd4 Nc5 10. Qc4 exd5 11. Nxd5 Nxd5 12. Bxd5 Bh3 13. b4 Rc8 14.
Bd2 Ne4 15. Qb3 Nxd2 16. Kxd2 Bxb4+ 17. Qxb4 Qxd5 18. Rhc1 Rcd8 19. e3 Qg2 20. Re1 Qxf2+ 21. Re2 Qf6 22. Rc1 Rfe8 23. Qb1 Bg4 24. Rf1 Rxd4+ 25.
exd4 Qxd4+ 0-1